 Dungeon Crawl Stone Soup version 0.26-a0-670-g578ab304f5 (webtiles) character file.

Game seed: 6977685001285736470

151075 ANON1729 the Carver (level 17, -3/121 HPs)
             Began as an Octopode Chaos Knight on Oct 19, 2020.
             Was a Plaything of Xom.
             Slain by Jorgrun (11 damage)
             ... on level 15 of the Dungeon.
             The game lasted 02:07:27 (35075 turns).

ANON1729 the Carver (Octopode Chaos Knight)        Turns: 35075, Time: 02:07:28

Health: -3/121     AC: 15    Str: 23    XL:     17   Next: 55%
Magic:  29/29      EV: 14    Int: 12    God:    Xom [.....*]
Gold:   3897       SH: 36    Dex: 16    Spells: 21/33 levels left

rFire    + + .     SeeInvis .   y - +1 scimitar (flame)
rCold    + + .     Faith    .   Q - +18 shield of the Gong {rElec rN+ MR+ EV-5}
rNeg     + + .     Spirit   .   P - +2 hat {MR+}
rPois    +         Reflect  +   k - amulet of Xom's Entertainment {Reflect rElec SH+5}
rElec    +         Harm     .   z - ring of positive energy
rCorr    +         Rampage  .   G - ring of Awe {rC+ rCorr}
MR       ++++.                  H - ring of Zakimnis {rC+ Dex+2}
Stlth    ++++++....             L - ring of Naghoh {rElec MR+}
HPRegen  0.70/turn              U - ring of Robustness {AC+8}
MPRegen  0.21/turn              V - ring of Dufif {rCorr Str+7}
                                O - ring of protection from fire
                                B - +4 ring of protection

@: grasped by roots, constricted
A: almost no armour, stealthy swim, amphibious, 8 rings, constrict 8, antennae
1, tentacle spike 1, camouflage 1, dopey 1, fire resistance 1, mutation
resistance 1, poison resistance, regeneration 1, gelatinous body 1
a: Renounce Religion


You were on level 15 of the Dungeon.
You worshipped Xom.
You were Xom's teddy bear.
You visited 5 branches of the dungeon, and saw 28 of its levels.
You also visited: Gauntlet and Ice Cave.

You collected 4004 gold pieces.
You spent 107 gold pieces at shops.

Inventory:

Hand Weapons
 y - a +1 scimitar of flaming (weapon)
 E - a +5 falchion of freezing
Missiles
 j - 3 throwing nets
 W - 38 silver javelins (quivered)
Armour
 P - a +2 hat of magic resistance (worn)
 Q - the +18 shield of the Gong (worn) {rElec rN+ MR+ EV-5}
   (You found it in an ice cave)

   It affects your evasion (-5).
   It insulates you from electricity.
   It protects you from negative energy.
   It affects your resistance to hostile enchantments.
Jewellery
 k - the amulet of Xom's Entertainment (around mantle) {Reflect rElec SH+5}
   (You acquired it on level 6 of the Lair of Beasts)

   [amulet of reflection]

   It shields you and reflects attacks.
   It insulates you from electricity.
   It affects your SH (+5).
 u - an uncursed amulet of guardian spirit
 z - a ring of positive energy (left tentacle)
 B - a +4 ring of protection (on tentacle)
 G - the ring of Awe (right tentacle) {rC+ rCorr}
   (Xom gifted it to you on level 11 of the Dungeon)

   [ring of resist corrosion]

   It protects you from cold.
   It provides partial protection from all sources of acid and corrosion.
 H - the ring of Zakimnis (on tentacle) {rC+ Dex+2}
   (You took it off a centaur warrior on level 14 of the Dungeon)

   [ring of protection from cold]

   It affects your dexterity (+2).
   It protects you from cold.
 K - a +4 ring of evasion
 L - the ring of Naghoh (on tentacle) {rElec MR+}
   (You found it on level 13 of the Dungeon)

   [ring of protection from magic]

   It insulates you from electricity.
   It affects your resistance to hostile enchantments.
 O - a ring of protection from fire (on tentacle)
 U - the ring of Robustness (on tentacle) {AC+8}
   (You found it in a Gauntlet)

   [ring of protection]

   It affects your AC (+8).
 V - the ring of Dufif (on tentacle) {rCorr Str+7}
   (You found it in a Gauntlet)

   [ring of resist corrosion]

   It affects your strength (+7).
   It provides partial protection from all sources of acid and corrosion.
 X - an uncursed ring of wizardry
Wands
 e - a wand of enslavement (9)
 g - a wand of acid (22)
 p - a wand of disintegration (3)
 x - a wand of digging (4)
 I - a wand of flame (9)
 M - a wand of polymorph (23)
 R - a wand of random effects (23)
 Z - a wand of iceblast (23)
Scrolls
 d - 12 scrolls of remove curse
 f - 2 scrolls of vulnerability
 i - 4 scrolls of immolation
 m - a scroll of magic mapping
 q - 8 scrolls of enchant armour
 r - 3 scrolls of fog
 t - 4 scrolls of fear
 w - 7 scrolls of teleportation
 A - 4 scrolls of enchant weapon
 F - a scroll of holy word
 N - 2 scrolls of torment
 S - 2 scrolls of identify
Potions
 b - 2 potions of berserk rage
 c - 3 potions of cancellation
 h - 4 potions of flight
 l - 2 potions of resistance
 n - 6 potions of haste
 o - 6 potions of brilliance
 v - 5 potions of stabbing
 C - 2 potions of might
 D - 3 potions of heal wounds
 J - a potion of curing
 Y - 5 potions of ambrosia
Miscellaneous
 a - a box of beasts (2/3)
 s - a lightning rod (4/4)
 T - a tin of tremorstones (3/3)


   Skills:
 + Level 12.7 Fighting
 + Level 12.7 Long Blades
 + Level 12.6 Dodging
 - Level 11.3 Stealth
 + Level 11.0 Shields
 - Level 8.7 Spellcasting
 * Level 9.5 Transmutations
 * Level 9.6 Earth Magic
 + Level 10.3 Evocations


You had 21 spell levels left.
You knew the following spells:

 Your Spells              Type           Power        Failure   Level
a - Animate Skeleton      Necr           #.....       22%         1
b - Corpse Rot            Necr/Air       N/A          34%         2
c - Stone Arrow           Conj/Erth      ###...       10%         3
d - Eringya's Noxious Bo  Tmut/Pois      ###.......   99%         6

Your spell library contained the following spells:

 Spells                   Type           Power        Failure   Level
 Petrify                  Tmut/Erth      ####....     4%          4
 Ignite Poison            Fire/Tmut/Pois ##......     19%         3
 Pain                     Necr           #...         22%         1
 Summon Small Mammal      Summ           #...         22%         1
 Call Imp                 Summ           #.......     34%         2
 Sublimation of Blood     Necr           #.........   34%         2
 Call Canine Familiar     Summ           #.......     56%         3
 Summon Guardian Golem    Hex/Summ       #.......     56%         3
 Vampiric Draining        Necr           #.........   56%         3
 Hydra Form               Tmut           ####......   56%         6
 Alistair's Intoxication  Tmut/Pois      ###......    65%         5
 Irradiate                Conj/Tmut      ###.......   65%         5
 Animate Dead             Necr           #.........   92%         4
 Summon Ice Beast         Ice/Summ       #.......     92%         4
 Summon Lightning Spire   Summ/Air       #.......     92%         4
 Agony                    Necr           #.......     99%         5
 Summon Forest            Summ/Tloc      #.........   99%         5
 Summon Hydra             Summ           #.........   100%        7


Dungeon Overview and Level Annotations

Branches:
Dungeon (15/15)            Temple (1/1) D:5            Lair (6/6) D:11
 Shoals (visited)          Spider (0/4) Lair:3        Slime (0/5) Lair:5
    Orc (2/2) D:11            Elf (0/3) Orc:2        Vaults (0/5) D:14
 Depths (0/5) D:15          IceCv (visited)         Gauntlet (visited)

Altars:
Ashenzari
Cheibriados
Dithmenos
Elyvilon
Fedhas
Gozag
Hepliaklqana
Kikubaaqudgha
Makhleb
Nemelex Xobeh
Okawaru
Qazlal
Ru
Sif Muna
Trog
Uskayaw
Vehumet
Wu Jian
Xom
Yredelemnul
Zin
The Shining One
Beogh
Jiyva

Shops:
D:10 ?   Orc:2 [:(   Shoals:1 **

Annotations:
D:5 2 transporters, pzskc383's ghost, amateur GrGl
D:11 2 runed translucent doors, Ikkaipock's ghost, journeyman KoVM
D:12 Azrael
D:15 Jorgrun
Lair:6 3 runed translucent doors, PanSaczeczos's ghost, journeyman HOAK
Shoals:1 Roxanne
Orc:1 Donald


Innate Abilities, Weirdness & Mutations

You cannot wear most types of armour.
You are very stealthy in the water. (Stealth+)
You are amphibious.
You can wear up to eight rings at the same time.
You can use your tentacles to constrict eight enemies at once.
Your skin changes colour to match your surroundings (Stealth+).
Your rubbery body absorbs attacks. (AC +1, EV +1)
You have a pair of small antennae on your head.
One of your tentacles bears a spike.
You are dopey. (Int -2)
Your flesh is heat resistant. (rF+)
You are somewhat resistant to further mutation.
Your system is resistant to poisons. (rPois)
Your natural rate of healing is unusually fast.


Message History

The wight is unaffected.
The manticore looks frightened!
The orc warrior looks frightened!
The orc looks frightened! x2
The four-headed hydra looks frightened!
The centaur warrior skeleton is unaffected.
You constrict Jorgrun. The vampire mosquito barely misses you.
You block the vampire mosquito's attack.
PANG!
You block the wight's attack.
GONNNNG!
The boulder beetle blinks!
A centaur warrior comes into view.
You block the vampire mosquito's attack.
GONNNNG!
The vampire mosquito bites you.
* * * LOW HITPOINT WARNING * * *
Your +0 vorpal quarterstaff hits Jorgrun!
Your +0 vorpal quarterstaff's attack snaps Jorgrun out of his fear.
Jorgrun hits you!
You die...
Xom snickers!

*,,,,,,,*,,,,,,,,**,,,,*
#.......#,....c,,**,,,,*
#.......#,.....,,**,,,,*
#.......#......,,**,,,,*
#.......#......,,**,,,,*
#.......#......,,*******
#....o.Z.D.....,,* *
#......Hg(.....,,* *
#......@z.o○...,,* #
#.....yy#o.....,,* #
#.<.....#,..)..,,* #
#..)....#+######**######
#......§.^......,,#....#
#..#............,,#.....
#..#.........###,,#.....
#..#.........# *,,#.....
#..#.........# *,,#.....


You could see Jorgrun, a four-headed hydra (fleeing), a centaur warrior, a
manticore (fleeing), an orc warrior (fleeing), 2 vampire mosquitoes, a wight, 2
orcs, a centaur warrior skeleton and a friendly +0 vorpal quarterstaff.

Vanquished Creatures
  Rupert (D:14)
  Polyphemus (Shoals:2)
  An ironheart preserver (D:14)
  A stone giant (Orc:1)
  Nessos (Lair:4)
  A minotaur (Gauntlet)
  An ettin (Orc:1)
  2 merfolk javelineers (Shoals:3)
  An ogre mage (D:14)
  3 merfolk impalers
  Josephine (D:11)
  Erolcha (D:10)
  3 boulder beetles
  A merfolk aquamancer (Shoals:3)
  Harold (D:10)
  2 catoblepae
  12 hydras
  A merfolk avatar (Shoals:3)
  3 centaur warriors (D:14)
  Erica (D:8)
  3 satyrs
  5 two-headed ogres
  An alligator (Lair:6)
  10 death yaks
  A tengu warrior (D:14)
  Sonja (D:13)
  Nergalle (D:10)
  Urug (D:10)
  2 unseen horrors
  3 sea snakes
  A glowing orange brain (Shoals:2)
  Pikel (D:5)
  A necromancer (IceCv)
  A wizard (D:14)
  9 harpies
  6 ugly things
  20 fauns
  2 deep elf magi
  5 oklob plants
  18 cyclopes
  12 manticores
  4 merfolk sirens
  15 elephants
  A guardian serpent (shapeshifter) (D:13)
  3 ice statues (IceCv)
  2 black mambas
  Psyche (D:9)
  4 gargoyles
  3 water nymphs
  31 cane toads
  A yaktaur (Orc:2)
  A kobold demonologist (D:14)
  An efreet (D:14)
  13 komodo dragons
  10 ice devils (IceCv)
  3 queen bees
  2 tengu conjurers
  6 polar bears
  4 trolls
  3 wind drakes
  3 meliai (Lair:4)
  Prince Ribbit (D:6)
  16 merfolk
  4 snapping turtles
  3 tyrant leeches (Lair:6)
  29 blink frogs
  A slime creature (D:14)
  8 water elementals
  2 vampires
  A redback (D:14)
  53 yaks
  Eustachio (D:6)
  6 wyverns
  2 chaos spawn (D:14)
  A golden eye (shapeshifter) (D:15)
  A steam dragon (Lair:2)
  A wraith (D:11)
  A fire elemental (D:12)
  5 basilisks
  9 vampire mosquitoes
  A warg (D:15)
  Menkaure (D:6)
  2 acid dragons (D:14)
  4 soldier ants (Gauntlet)
  18 water moccasins
  A hell hound (D:12)
  13 orc warriors
  4 phantoms
  3 small abominations (Gauntlet)
  2 black bears
  An ice beast (D:13)
  3 eyes of draining
  An ogre (shapeshifter) (D:2)
  5 sky beasts
  A necrophage (D:11)
  11 wolves
  6 centaurs
  12 ogres
  Blork the orc (D:5)
  A lemure (D:6)
  4 big kobolds
  33 bullfrogs
  3 scorpions
  21 killer bees
  13 wights
  3 electric eels
  A bullfrog zombie (D:11)
  7 howler monkeys
  A quasit (D:11)
  3 draconian simulacra (IceCv)
  4 centaur zombies
  4 jellies
  6 centaur skeletons
  12 orc priests
  7 hounds
  14 orc wizards
  A bullfrog skeleton (D:5)
  2 iguanas
  8 worker ants
  6 troll simulacra (IceCv)
  2 human simulacra (D:13)
  A hound skeleton (D:9)
  A howler monkey zombie (D:7)
  3 worker ant zombies
  3 gnolls (Orc:1)
  13 adders
  A naga simulacrum (IceCv)
  A shadow imp (D:5)
  3 white imps
  5 ufetubi
  An adder zombie (D:7)
  4 oozes
  2 adder skeletons
  3 worms
  A dart slug (D:1)
  10 leopard geckos
  49 orcs
  11 bats
  9 giant cockroaches
  6 goblins
  7 hobgoblins
  7 jackals
  5 quokkas
  A ball python (D:1)
  4 frilled lizards
  19 kobolds
  2 leopard gecko skeletons (D:4)
  3 rats
  A spectral orc (D:8)
  A butterfly (Lair:5)
  A tentacle (Shoals:2)
823 creatures vanquished.

Vanquished Creatures (collateral kills)
  2 ettins (Orc:1)
  3 merfolk impalers
  A boulder beetle (D:13)
  A hydra (Lair:4)
  A lindwurm (Lair:4)
  A manticore (Shoals:1)
  A faun (Shoals:3)
  A black mamba (Lair:4)
  2 centaur skeletons
  Maggie (D:6)
  A tengu conjurer (D:15)
  A merfolk (Shoals:2)
  5 dream sheep
  A wyvern (Lair:4)
  A vampire (D:11)
  5 yaks
  2 wraiths (D:11)
  2 fire elementals (D:12)
  A golden eye (Lair:4)
  2 soldier ants (Gauntlet)
  A water moccasin (Lair:1)
  A necrophage (D:10)
  An ogre (Orc:1)
  A centaur (D:11)
  2 lemures (D:6)
  A big kobold (D:10)
  A bullfrog (Lair:1)
  A water moccasin skeleton (D:11)
  A jelly (D:10)
  An adder (D:11)
  2 orcs (D:11)
  2 kobolds (D:10)
50 creatures vanquished.

Vanquished Creatures (others)
  A kraken (Shoals:2)
  A manticore (Shoals:3)
  A merfolk siren (Shoals:2)
  2 cane toads (Lair:6)
  An ice beast (Lair:6)
  55 fungi
  251 plants
  3 tentacles (Shoals:2)
315 creatures vanquished.

Grand Total: 1188 creatures vanquished

Notes
Turn   | Place    | Note
-------+----------+-------------------------------------------
     0 | D:1      | ANON1729 the Octopode Chaos Knight began the quest for the
                  | Orb.
     0 | D:1      | Reached XP level 1. HP: 16/16 MP: 1/1
   181 | D:1      | Reached XP level 2. HP: 21/21 MP: 2/2
   473 | D:1      | XOM: silly message
   586 | D:1      | Reached XP level 3. HP: 26/26 MP: 3/3
   855 | D:2      | Found an iron altar of Okawaru.
   908 | D:2      | XOM: 1-stop teleportation journey
   962 | D:2      | XOM: noise
  1014 | D:2      | Reached XP level 4. HP: 32/33 MP: 4/4
  1093 | D:2      | XOM: 1-stop teleportation journey
  1145 | D:2      | Noticed a shapeshifter
  1145 | D:2      | a goblin changed into a shapeshifter
  1145 | D:2      | XOM: polymorph goblin -> shapeshifter
  1145 | D:2      | Noticed an orb spider
  1145 | D:2      | a shapeshifter changed into an orb spider
  1149 | D:2      | Noticed a golden eye
  1149 | D:2      | an orb spider changed into a golden eye
  1156 | D:2      | Noticed an ogre
  1156 | D:2      | a golden eye changed into an ogre
  1164 | D:2      | XOM: potion effect (invisibility)
  1170 | D:2      | XOM: cast spell 'Olgreb's Toxic Radiance'
  1174 | D:2      | Killed an ogre
  1174 | D:2      | Reached XP level 5. HP: 37/37 MP: 5/5
  1341 | D:2      | XOM: 1-stop teleportation journey
  1513 | D:2      | XOM: noise
  1567 | D:2      | XOM: silly message
  1862 | D:3      | Reached XP level 6. HP: 39/44 MP: 6/6
  2018 | D:3      | XOM: noise
  2291 | D:3      | XOM: god gift: 44 gold pieces
  2654 | D:4      | XOM: god gift: 19 gold pieces
  2758 | D:4      | Noticed a phantom
  2763 | D:4      | Killed a phantom
  2763 | D:4      | Reached skill level 5 in Fighting
  2763 | D:4      | Reached skill level 5 in Long Blades
  2763 | D:4      | Reached XP level 7. HP: 50/50 MP: 7/7
  2838 | D:4      | XOM: divination: detect creatures
  2842 | D:4      | XOM: divination: magic mapping
  2879 | D:4      | XOM: divination: magic mapping
  2891 | D:4      | Reached skill level 5 in Dodging
  3199 | D:4      | XOM: 1-stop teleportation journey
  3412 | D:4      | XOM: noise
  4047 | D:5      | Entered Level 5 of the Dungeon
  4065 | D:4      | Reached XP level 8. HP: 18/57 MP: 8/8
  4433 | D:5      | Found a staircase to the Ecumenical Temple.
  4523 | D:5      | XOM: enchant monster (good)
  4529 | Temple   | Entered the Ecumenical Temple
  4851 | D:5      | Reached skill level 1 in Spellcasting
  4872 | D:5      | Found a transporter.
  4897 | D:5      | Found a transporter.
  4897 | D:5      | Noticed pzskc383's ghost (amateur GrGl)
  5256 | D:5      | Found a shadowy altar of Dithmenos.
  5383 | D:6      | Noticed Blork the orc
  5395 | D:5      | Killed Blork the orc
  5405 | D:6      | XOM: confusion (+ monsters)
  5413 | D:6      | XOM: noise
  5416 | D:6      | Noticed Prince Ribbit
  5420 | D:6      | Noticed Menkaure
  5449 | D:5      | XOM: give mutation
  5449 | D:5      | Gained mutation: You are robust. (+10% HP) [Xom's grace]
  5483 | D:6      | Noticed Eustachio
  5491 | D:6      | Noticed Maggie
  5497 | D:6      | Noticed Pikel
  5498 | D:6      | XOM: summons friendly crimson imp
  5505 | D:6      | XOM: cast spell 'Summon Horrible Things'
  5509 | D:6      | XOM: confuse monster(s)
  5512 | D:6      | Killed Maggie
  5531 | D:6      | XOM: cast spell 'Chain of Chaos'
  5535 | D:6      | XOM: potion effect (haste)
  5707 | D:6      | XOM: fog
  5717 | D:5      | Killed Pikel
  5717 | D:5      | Reached XP level 9. HP: 46/70 MP: 6/13
  5785 | D:5      | XOM: noise
  5841 | D:5      | XOM: summons 4 hostile shadow creatures
  5927 | D:5      | XOM: blink monster(s)
  6185 | D:4      | XOM: draining
  6237 | D:6      | Killed Menkaure
  6246 | D:6      | XOM: silly message
  6256 | D:5      | Reached skill level 1 in Shields
  6331 | D:5      | XOM: divination: magic mapping
  6342 | D:5      | XOM: cloud trail
  6403 | D:6      | Killed Eustachio
  6601 | D:6      | XOM: noise
  6605 | D:6      | Killed Prince Ribbit
  7137 | D:6      | XOM: give mutations
  7137 | D:6      | Lost mutation: You are robust. (+10% HP) [Xom's mischief]
  7137 | D:6      | Gained mutation: Your natural rate of healing is unusually
                  | fast. [Xom's mischief]
  7270 | D:6      | Found a radiant altar of Vehumet.
  7406 | D:6      | XOM: god gift: 49 gold pieces
  7493 | D:6      | XOM: summons 2 friendly demons
  7500 | D:6      | XOM: silly message
  7503 | D:6      | XOM: polymorph shadow imp -> quasit
  7655 | D:6      | XOM: summons 1 hostile demon
  8061 | D:7      | XOM: divination: detect creatures
  8431 | D:7      | Reached XP level 10. HP: 64/72 MP: 14/16
  8508 | D:8      | XOM: noise
  8564 | D:8      | XOM: summons friendly iron imp
  8625 | D:8      | Found a basalt altar of Yredelemnul.
  8895 | D:8      | XOM: 3-stop teleportation journey
  8939 | D:8      | XOM: 1-stop teleportation journey
  9193 | D:8      | Noticed Erica
  9201 | D:8      | Killed Erica
  9201 | D:8      | Reached skill level 5 in Spellcasting
  9202 | D:8      | Found a snail-covered altar of Cheibriados.
  9225 | D:8      | Found an opulent altar of Gozag.
  9382 | D:9      | Found a shimmering altar of Xom.
  9535 | D:9      | XOM: 4-stop teleportation journey
  9638 | D:9      | XOM: cast spell 'Chain of Chaos'
  9836 | D:9      | HP: 1/73 [something (3)]
  9842 | D:9      | Killed an unseen horror
  9899 | D:9      | XOM: 2-stop teleportation journey
  9995 | D:9      | XOM: divination: magic mapping
  9998 | D:9      | Reached skill level 5 in Shields
  9998 | D:9      | Reached XP level 11. HP: 57/78 MP: 13/19
  9999 | D:9      | XOM: smoke on damage
 10140 | D:9      | Noticed a harpy
 10140 | D:9      | a yak changed into a harpy
 10140 | D:9      | XOM: polymorph yak -> harpy
 10145 | D:9      | Killed a harpy
 10366 | D:9      | XOM: scenery: 2 doors close
 10403 | D:9      | XOM: god gift: wand of enslavement (11)
 10440 | D:9      | Found a sparkling altar of Nemelex Xobeh.
 10500 | D:9      | Found a bloodstained altar of Trog.
 10502 | D:9      | XOM: destruction
 10658 | D:9      | Noticed Psyche
 10659 | D:9      | XOM: enchant monster (good)
 10672 | D:9      | Killed Psyche
 10672 | D:9      | Reached skill level 1 in Stealth
 10756 | D:9      | Found a blossoming altar of Fedhas.
 11019 | D:9      | Found a sacrificial altar of Ru.
 11047 | D:9      | Reached skill level 1 in Evocations
 11084 | D:10     | Entered Level 10 of the Dungeon
 11101 | D:10     | Noticed a two-headed ogre
 11103 | D:10     | XOM: scenery: summon butterflies
 11108 | D:10     | XOM: butterfly on damage
 11120 | D:10     | XOM: summons friendly crimson imp
 11216 | D:10     | Noticed Nergalle
 11218 | D:10     | XOM: potion effect (invisibility)
 11244 | D:9      | XOM: god gift: 3 atropa-tipped darts
 11269 | D:10     | XOM: destruction
 11283 | D:10     | Killed Nergalle
 11448 | D:10     | XOM: blink monster(s)
 11449 | D:10     | XOM: enchant monster (bad)
 11595 | D:10     | Noticed Harold
 11614 | D:10     | Killed Harold
 11669 | D:10     | XOM is BORED!
 11669 | D:10     | XOM: stat loss: -2 Dex (10/12)
 11772 | D:10     | Found a shimmering blue altar of Sif Muna.
 11788 | D:10     | Noticed Erolcha
 11833 | D:11     | Noticed Josephine
 11842 | D:11     | Noticed a manticore
 11845 | D:11     | XOM: enchant monster (good)
 11856 | D:11     | Killed Josephine
 11914 | D:10     | XOM: 2-stop teleportation journey
 11924 | D:10     | Noticed Urug
 11945 | D:10     | Found Emebagus's Magic Scroll Boutique.
 11956 | D:10     | Killed Erolcha
 11958 | D:10     | Killed Urug
 12129 | D:10     | Killed a two-headed ogre
 12282 | D:10     | XOM: stat loss: -1 Str (14/15)
 12294 | D:10     | Bought a scroll of noise for 15 gold pieces
 12294 | D:10     | Bought a scroll of fear for 52 gold pieces
 12459 | D:10     | XOM: summons 2 hostile demons
 12572 | D:10     | XOM: scenery: 1 doors open
 12582 | D:10     | XOM: smoke on damage
 12814 | D:11     | XOM: confusion (+ monsters)
 12823 | D:11     | XOM: summons 4 friendly demons
 12842 | D:11     | Reached XP level 12. HP: 70/86 MP: 17/22
 12887 | D:11     | XOM: 1-stop teleportation journey
 12959 | D:11     | Noticed a two-headed ogre
 12975 | D:11     | XOM: enchant monster (good)
 12986 | D:11     | Killed a two-headed ogre
 13096 | D:11     | Found a staircase to the Orcish Mines.
 13116 | D:11     | Reached skill level 5 in Stealth
 13120 | D:11     | XOM: 2-stop teleportation journey
 13158 | D:11     | XOM: enchant monster (good)
 13184 | D:11     | XOM: cast spell 'Monstrous Menagerie'
 13188 | D:10     | XOM: fog
 13237 | D:10     | XOM: give mutations
 13237 | D:10     | Gained mutation: You passively map a small area around you.
                  | [Xom's grace]
 13237 | D:10     | Gained mutation: Your system is resistant to poisons.
                  | (rPois) [Xom's grace]
 13237 | D:10     | Gained mutation: You are partially covered in iridescent
                  | scales. (AC +2) [Xom's grace]
 13274 | D:10     | XOM: god gift: long runed staff {god gift}
 13505 | D:11     | XOM: god gift: scorched lead ring {god gift}
 13517 | D:11     | Got a scorched lead ring {god gift}
 13518 | D:11     | Identified the ring of Awe {rC+ rCorr} (Xom gifted it to
                  | you on level 11 of the Dungeon)
 13572 | D:11     | You fall into a shaft and drop 3 floors!
 13631 | D:13     | Got a scorched glass ring
 13635 | D:13     | XOM: repel stairs
 13641 | D:13     | Identified the ring of Naghoh {rElec MR+} (You found it on
                  | level 13 of the Dungeon)
 13653 | D:13     | XOM: noise
 13712 | D:14     | XOM: cast spell 'Monstrous Menagerie'
 13840 | D:13     | Noticed a two-headed ogre
 13858 | D:13     | Noticed a boulder beetle
 13867 | D:13     | Noticed a two-headed ogre
 13879 | D:13     | XOM: noise
 13901 | D:13     | Killed a boulder beetle
 13910 | D:13     | XOM: scenery: 1 doors open, 1 doors close
 13910 | D:13     | Killed a two-headed ogre
 13914 | D:13     | XOM: scenery: 1 doors close
 13963 | D:13     | XOM: destruction
 13964 | D:13     | XOM: summons friendly shadow imp
 13965 | D:13     | XOM: summons friendly white imp
 13969 | D:13     | XOM: scenery: summon butterflies
 13987 | D:13     | XOM: polymorph wyvern -> ice beast
 14058 | D:12     | XOM: 2-stop teleportation journey
 14088 | D:12     | XOM: cloud trail
 14124 | D:12     | Noticed Azrael
 14127 | D:12     | Reached skill level 10 in Fighting
 14132 | D:12     | Reached skill level 10 in Long Blades
 14227 | D:12     | You fall into a shaft and drop 3 floors!
 14227 | D:15     | Entered Level 15 of the Dungeon
 14251 | D:14     | XOM: fog
 14295 | D:15     | XOM: fog
 14296 | D:15     | XOM: cleaving
 14328 | D:14     | XOM: polymorph white ugly thing -> red ugly thing
 14370 | D:14     | XOM: god gift: scroll labeled IPNUFRI SITHRU {god gift}
 14555 | D:11     | Found a large runed translucent door.
 14557 | D:11     | Found a large runed translucent door.
 14557 | D:11     | Noticed Ikkaipock's ghost (journeyman KoVM)
 14575 | D:11     | Found a staircase to the Lair.
 14653 | Lair:1   | Entered Level 1 of the Lair of Beasts
 14671 | Lair:1   | XOM: polymorph black mamba -> yak
 14701 | Lair:1   | XOM: summons 5 friendly demons
 14799 | Lair:1   | XOM: 5-stop teleportation journey
 14800 | Lair:1   | XOM: scenery: 1 doors open
 14811 | Lair:1   | XOM: summons 7 friendly demons
 14813 | Lair:1   | XOM: polymorph shadow imp -> iron imp
 14869 | Lair:1   | XOM: 1-stop teleportation journey
 14873 | Lair:1   | Reached skill level 10 in Dodging
 14875 | Lair:1   | XOM: summons friendly white imp
 14995 | Lair:1   | Found a frozen archway.
 15040 | IceCv    | Entered an ice cave
 15056 | IceCv    | XOM: swap monsters
 15068 | IceCv    | Reached skill level 5 in Evocations
 15134 | IceCv    | XOM: summons 2 friendly demons
 15159 | IceCv    | XOM: confuse monster(s)
 15183 | IceCv    | XOM: noise
 15305 | IceCv    | XOM: silly message
 15316 | IceCv    | XOM: summons 12 friendly demons
 15446 | IceCv    | XOM: chaos cloud
 15447 | IceCv    | XOM: cleaving
 15476 | IceCv    | XOM: summons friendly crimson imp
 15477 | IceCv    | XOM: confuse monster(s)
 15487 | IceCv    | XOM: polymorph ice beast -> black mamba
 15525 | IceCv    | XOM: god gift: 12 arrows
 15578 | IceCv    | XOM: polymorph ice beast -> fire bat
 15582 | IceCv    | XOM: noise
 15586 | IceCv    | XOM: confuse monster(s)
 15786 | IceCv    | XOM: silly message
 15805 | IceCv    | XOM: summons 3 friendly demons
 15847 | IceCv    | XOM: silly message
 15916 | IceCv    | XOM: god gift: Fen Folio
 15933 | IceCv    | Learned a level 1 spell: Animate Skeleton
 15936 | IceCv    | Learned a level 2 spell: Corpse Rot
 15943 | IceCv    | XOM: cleaving
 16013 | IceCv    | XOM: swap monsters
 16194 | IceCv    | XOM: cleaving
 16346 | IceCv    | XOM: 1-stop teleportation journey
 16412 | IceCv    | XOM: swap monsters
 16452 | IceCv    | XOM: stat loss: -1 Dex (12/13)
 16486 | IceCv    | XOM: 1-stop teleportation journey
 16510 | IceCv    | XOM: silly message
 16515 | IceCv    | XOM: silly message
 16567 | IceCv    | XOM: confusion
 16583 | IceCv    | Reached XP level 13. HP: 32/92 MP: 8/24
 16647 | IceCv    | XOM: give mutation
 16647 | IceCv    | Gained mutation: You occasionally shout uncontrollably at
                  | your foes. [Xom's mischief]
 16927 | IceCv    | XOM: silly message
 17010 | IceCv    | XOM: fog
 17131 | IceCv    | XOM: 1-stop teleportation journey
 17134 | IceCv    | XOM: swap monsters
 17222 | IceCv    | XOM: swap monsters
 17394 | IceCv    | XOM: divination: detect items
 17399 | IceCv    | XOM: blink monster(s)
 17628 | IceCv    | Found the +18 shield of the Gong {rElec rN+ MR+ EV-5}
 17663 | IceCv    | XOM: polymorph ice beast -> hog
 17758 | IceCv    | XOM: swap monsters
 17821 | IceCv    | XOM: fog
 17822 | IceCv    | XOM: enchant monster (bad)
 17873 | IceCv    | XOM: noise
 18352 | Lair:1   | XOM: stat loss: -1 Str (14/15)
 18364 | Lair:1   | XOM: give mutations
 18364 | Lair:1   | Gained mutation: You are partially covered in slimy green
                  | scales. (AC +2) [Xom's mischief]
 18364 | Lair:1   | Gained mutation: Scrolls take you a little longer to read.
                  | [Xom's mischief]
 18364 | Lair:1   | Gained mutation: You are dopey. (Int -2) [Xom's mischief]
 18577 | Lair:1   | XOM: noise
 18679 | Lair:1   | XOM: summons 2 hostile shadow creatures
 18880 | Lair:2   | XOM: enchant monster (bad)
 18884 | Lair:2   | XOM: chaos cloud
 18954 | Lair:1   | XOM: give mutations
 18954 | Lair:1   | Lost mutation: You are dopey. (Int -2) [Xom's mischief]
 18954 | Lair:1   | Lost mutation: You occasionally shout uncontrollably at
                  | your foes. [Xom's mischief]
 18954 | Lair:1   | Gained mutation: You occasionally shout uncontrollably at
                  | your foes. [Xom's mischief]
 18975 | Lair:2   | XOM: confusion
 19012 | Lair:1   | HP: 4/93 [five-headed hydra (4)]
 19079 | Lair:1   | XOM: give mutations
 19079 | Lair:1   | Gained mutation: You are weak. (Str -2) [Xom's mischief]
 19079 | Lair:1   | Lost mutation: Scrolls take you a little longer to read.
                  | [Xom's mischief]
 19271 | Lair:2   | XOM: polymorph black mamba -> queen bee
 19310 | Lair:2   | XOM: confusion
 19371 | Lair:2   | XOM: cleaving
 19411 | Lair:1   | XOM: cleaving
 19421 | Lair:1   | XOM: summons 3 friendly demons
 19537 | Lair:2   | XOM: summons 7 hostile demons
 19573 | Lair:2   | XOM: cleaving
 19687 | Lair:2   | XOM: swap monsters
 19690 | Lair:2   | XOM: cast spell 'Death Channel'
 19691 | Lair:2   | XOM: summons 9 friendly demons
 19982 | Lair:2   | Found a glowing golden altar of the Shining One.
 20248 | Lair:2   | XOM: cloud trail
 20326 | Lair:2   | XOM: smoke on damage
 20384 | Lair:2   | XOM: cleaving
 20681 | Lair:3   | XOM: summons 2 friendly demons
 20685 | Lair:3   | XOM: noise
 20742 | Lair:3   | Found a gate leading to a gauntlet.
 20755 | Gauntlet | Entered a Gauntlet
 20755 | Gauntlet | Found a transporter.
 20755 | Gauntlet | Found a transporter.
 20771 | Gauntlet | Found a transporter.
 20783 | Gauntlet | Found a transporter.
 20801 | Gauntlet | Found a transporter.
 20801 | Gauntlet | Found a transporter.
 20803 | Gauntlet | Found a transporter.
 20803 | Gauntlet | Found a transporter.
 20804 | Gauntlet | Found a transporter.
 20807 | Gauntlet | Found a runed translucent door.
 20816 | Gauntlet | Found a transporter.
 20831 | Gauntlet | Found the ring of Robustness {AC+8}
 20831 | Gauntlet | Found a transporter.
 20833 | Gauntlet | Found a runed translucent door.
 20838 | Gauntlet | Noticed a blizzard demon
 20844 | Gauntlet | Found a transporter.
 20855 | Gauntlet | Found a transporter.
 20875 | Gauntlet | Found a transporter.
 20915 | Gauntlet | XOM: divination: detect items
 20974 | Gauntlet | XOM: silly message
 20983 | Gauntlet | XOM: confuse monster(s)
 20985 | Gauntlet | XOM: summons friendly quasit
 20986 | Gauntlet | XOM: enchant monster (bad)
 20988 | Gauntlet | XOM: polymorph queen ant -> eight-headed hydra
 21269 | Gauntlet | XOM: noise
 21270 | Gauntlet | Reached XP level 14. HP: 90/101 MP: 23/26
 21271 | Gauntlet | XOM: enchant monster (good)
 21278 | Gauntlet | Got a steaming iron ring
 21282 | Gauntlet | Identified the ring of Dufif {rCorr Str+7} (You found it in
                  | a Gauntlet)
 21317 | Gauntlet | Identified the +4 short sword "Hamat" {vorpal, Dex+3}
 21448 | Lair:3   | XOM: confusion (+ monsters)
 21453 | Lair:3   | XOM: fog
 21482 | Lair:3   | XOM: summons friendly crimson imp
 21486 | Lair:3   | XOM: scenery: create altars
 21533 | Lair:3   | XOM: give mutations
 21533 | Lair:3   | Lost mutation: You are weak. (Str -2) [Xom's grace]
 21533 | Lair:3   | Gained mutation: You are robust. (+10% HP) [Xom's grace]
 21624 | Lair:3   | Learned a level 3 spell: Stone Arrow
 21627 | Lair:3   | XOM: summons friendly shadow imp
 21631 | Lair:3   | Learned a level 6 spell: Eringya's Noxious Bog
 21734 | Lair:3   | XOM: silly message
 21768 | Lair:3   | Found a hole to the Spider Nest.
 21977 | Lair:3   | XOM: cleaving
 21991 | Lair:3   | XOM: summons 2 friendly demons
 22009 | Lair:3   | Reached skill level 1 in Transmutations
 22009 | Lair:3   | Reached skill level 1 in Earth Magic
 22014 | Lair:3   | XOM: confuse monster(s)
 22086 | Lair:3   | XOM: give mutations
 22086 | Lair:3   | Gained mutation: You heal very quickly. [Xom's grace]
 22086 | Lair:3   | Gained mutation: You have a pair of small antennae on your
                  | head. [Xom's grace]
 22086 | Lair:3   | Gained mutation: Your flesh is heat resistant. (rF+) [Xom's
                  | grace]
 22177 | Lair:3   | XOM: give mutations
 22177 | Lair:3   | Lost mutation: You passively map a small area around you.
                  | [Xom's mischief]
 22177 | Lair:3   | Lost mutation: You occasionally shout uncontrollably at
                  | your foes. [Xom's mischief]
 22177 | Lair:3   | Lost mutation: You are robust. (+10% HP) [Xom's mischief]
 22506 | Lair:4   | XOM: summons friendly crimson imp
 22518 | Lair:4   | XOM: 2-stop teleportation journey
 22524 | Lair:4   | Got a faintly humming robe
 22590 | Lair:4   | XOM: divination: detect items
 22679 | Lair:4   | Found a staircase to the Shoals.
 22752 | Lair:4   | Identified the +10 rapier of Flawed Execution {pain, +Blink
                  | Str+5 Int+3}
 22764 | Lair:4   | XOM: fog
 22805 | Lair:4   | XOM: potion effect (brilliance)
 22823 | Lair:4   | Reached skill level 10 in Stealth
 22826 | Lair:4   | XOM: 1-stop teleportation journey
 22850 | Lair:4   | XOM: god gift: gnarled jewelled staff {god gift}
 23139 | Lair:4   | XOM: god gift: 27 gold pieces
 23629 | Lair:5   | XOM: fog
 23699 | Lair:5   | XOM: polymorph blink frog -> golden eye
 23700 | Lair:5   | XOM: snakes to sticks
 23730 | Lair:4   | XOM: enchant monster (good)
 23733 | Lair:4   | XOM: cast spell 'Summon Horrible Things'
 23759 | Lair:4   | XOM: cast spell 'Summon Mana Viper'
 23812 | Lair:5   | Noticed Nessos
 23855 | Lair:4   | XOM: silly message
 23857 | Lair:4   | XOM: cast spell 'Summon Hydra'
 23868 | Lair:5   | XOM: divination: detect items
 23986 | Lair:4   | XOM: divination: detect creatures
 24010 | Lair:4   | Killed Nessos
 24104 | Lair:5   | XOM: divination: detect items
 24106 | Lair:5   | XOM: confusion (+ monsters)
 24243 | Lair:5   | XOM: divination: detect creatures
 24442 | Lair:5   | Found a viscous altar of Jiyva.
 24443 | Lair:5   | Found a staircase to the Slime Pits.
 24786 | Lair:6   | Entered Level 6 of the Lair of Beasts
 24839 | Lair:6   | Reached XP level 15. HP: 57/107 MP: 14/27
 24917 | Lair:5   | XOM: divination: magic mapping
 24957 | Lair:5   | XOM: scenery: create altars
 24964 | Lair:5   | XOM: enchant monster (good)
 24974 | Lair:5   | XOM: summons friendly white imp
 24979 | Lair:5   | XOM: cast spell 'Summon Small Mammal'
 25163 | Lair:5   | XOM: noise
 25260 | Lair:5   | XOM: summons 2 hostile shadow creatures
 25337 | Lair:6   | XOM: blink monster(s)
 25364 | Lair:6   | XOM: 4-stop teleportation journey
 25408 | Lair:6   | Found a runed translucent gate.
 25408 | Lair:6   | Found a runed translucent gate.
 25408 | Lair:6   | Found a runed translucent gate.
 25446 | Lair:6   | XOM: draining
 25452 | Lair:6   | XOM: summons 3 hostile demons
 25469 | Lair:6   | Reached skill level 5 in Earth Magic
 25488 | Lair:6   | XOM: 1-stop teleportation journey
 25508 | Lair:6   | Reached skill level 5 in Transmutations
 25560 | Lair:6   | XOM: stat loss: -1 Int (13/14)
 25564 | Lair:6   | XOM: scenery: summon butterflies
 25605 | Lair:6   | XOM: polymorph butterfly -> river rat
 25708 | Lair:6   | XOM: confusion
 25709 | Lair:6   | XOM: 3-stop teleportation journey
 25723 | Lair:6   | Noticed PanSaczeczos's ghost (journeyman HOAK)
 25762 | Lair:6   | XOM: silly message
 25943 | Lair:6   | XOM: destruction
 25976 | Lair:6   | XOM: polymorph tyrant leech -> boulder beetle
 25992 | Lair:6   | XOM: polymorph blink frog -> queen bee
 26021 | Lair:6   | XOM: polymorph boulder beetle -> alligator
 26033 | Lair:6   | XOM: polymorph blink frog -> ice beast
 26089 | Lair:6   | XOM: divine lightning
 26103 | Lair:6   | XOM: god gift: lightning rod (4/4)
 26125 | Lair:6   | XOM: divine lightning
 26205 | Lair:6   | XOM: god gift: scroll labeled MULIET MEPOS {god gift}
 26208 | Lair:6   | Identified a scroll of acquirement
 26208 | Lair:6   | Acquired the amulet of Xom's Entertainment {Reflect rElec
                  | SH+5}
 26992 | D:11     | XOM: scenery: summon butterflies
 27120 | D:11     | XOM: cloud trail
 27121 | Orc:1    | Entered Level 1 of the Orcish Mines
 27308 | Orc:2    | Entered Level 2 of the Orcish Mines
 27308 | Orc:2    | Found a staircase to the Elven Halls.
 27323 | Orc:2    | Found Binonacs's Book Emporium.
 27341 | Orc:2    | Found Fimun's Antique Weapon Emporium.
 27357 | Orc:2    | XOM: god gift: 22 arrows
 27365 | Orc:2    | XOM: polymorph cyclops -> yaktaur
 27426 | Orc:1    | XOM: give mutations
 27426 | Orc:1    | Gained mutation: One of your tentacles bears a spike.
                  | [Xom's grace]
 27426 | Orc:1    | Gained mutation: Your mind is acute. (Int +2) [Xom's grace]
 27426 | Orc:1    | Gained mutation: You are somewhat resistant to further
                  | mutation. [Xom's grace]
 27426 | Orc:1    | Gained mutation: One of your tentacles bears a nasty spike.
                  | [Xom's grace]
 27434 | Orc:1    | XOM: cast spell 'Summon Ice Beast'
 27647 | Orc:1    | XOM: enchant monster (good)
 27666 | Orc:1    | Found a roughly hewn altar of Beogh.
 27713 | Orc:1    | XOM: cloud trail
 27769 | Orc:2    | Found a roughly hewn altar of Beogh.
 27770 | Orc:2    | Noticed Donald
 27771 | Orc:2    | XOM: cleaving
 27782 | Orc:1    | XOM: 8-stop teleportation journey
 27899 | Orc:1    | XOM: scenery: summon butterflies
 27958 | Orc:2    | Found a roughly hewn altar of Beogh.
 27958 | Orc:2    | XOM: 3-stop teleportation journey
 27969 | Orc:2    | XOM: give mutations
 27969 | Orc:2    | Lost mutation: You are partially covered in slimy green
                  | scales. (AC +2) [Xom's mischief]
 27969 | Orc:2    | Gained mutation: You are frail. (-10% HP) [Xom's mischief]
 27991 | Orc:2    | XOM: polymorph cyclops -> elephant
 28011 | Orc:2    | XOM: chaos cloud
 28022 | Orc:1    | XOM: summons 2 hostile shadow creatures
 28159 | Orc:2    | XOM: 1-stop teleportation journey
 28175 | Orc:2    | XOM: confusion
 28179 | Orc:2    | XOM: smoke on damage
 28411 | Orc:2    | Found Bigraw's Antique Armour Emporium.
 28424 | Orc:2    | Found Testras's General Store.
 28829 | Shoals:1 | XOM: noise
 28829 | Shoals:1 | Entered Level 1 of the Shoals
 28891 | Lair:4   | Reached XP level 16. HP: 36/102 MP: 28/28
 28955 | Shoals:1 | XOM: repel stairs
 28958 | Shoals:1 | XOM: silly message
 28972 | Shoals:1 | Reached skill level 10 in Shields
 29045 | Shoals:1 | XOM: chaos upgrade
 29113 | Shoals:1 | Identified Roxanne's Volume of the Rocks
 29113 | Shoals:1 | Noticed Roxanne
 29118 | Shoals:1 | Found Codd's Mayhem Merchandise.
 29168 | Shoals:1 | XOM: silly message
 29582 | Shoals:1 | Found Upsatet's General Store.
 29590 | Shoals:1 | Bought a scroll of identify for 20 gold pieces
 29590 | Shoals:1 | Bought a scroll of identify for 20 gold pieces
 29635 | Shoals:1 | XOM: summons 4 hostile demons
 29685 | Shoals:2 | Noticed Polyphemus
 29734 | Shoals:1 | XOM: god gift: 3 scrolls of enchant armour
 29777 | Shoals:2 | Killed Polyphemus
 29844 | Shoals:2 | XOM: blink monster(s)
 29849 | Shoals:2 | XOM: god gift: 18 gold pieces
 29905 | Shoals:2 | You fall into a shaft and drop 1 floor!
 29993 | Shoals:3 | Lost mutation: You are frail. (-10% HP) [potion of
                  | mutation]
 29993 | Shoals:3 | Lost mutation: One of your tentacles bears a nasty spike.
                  | [potion of mutation]
 30040 | Shoals:2 | XOM: god gift: 1100 gold pieces
 30062 | Shoals:3 | XOM: polymorph sea snake -> glowing orange brain
 30197 | Shoals:2 | XOM: fog
 30198 | Shoals:2 | XOM: smoke on damage
 30213 | Shoals:2 | XOM: 7-stop teleportation journey
 30323 | Shoals:2 | XOM: enchant monster (good)
 30352 | Shoals:2 | XOM: destruction
 30392 | Shoals:2 | XOM: god gift: long runed staff {god gift}
 30638 | Shoals:2 | Noticed a kraken
 30644 | Shoals:2 | XOM: scenery: summon butterflies
 30648 | Shoals:2 | XOM: divine lightning
 30648 | Shoals:2 | Killed a kraken
 30987 | Shoals:2 | XOM: cloud trail
 31089 | Shoals:3 | XOM: 1-stop teleportation journey
 31221 | Shoals:3 | XOM: summons 2 friendly demons
 31257 | Shoals:3 | XOM: god gift: wand of iceblast (8)
 31288 | Shoals:3 | XOM: 2-stop teleportation journey
 31505 | Shoals:3 | XOM: confuse monster(s)
 31512 | Shoals:3 | Reached XP level 17. HP: 121/121 MP: 29/29
 31556 | Shoals:3 | XOM: give mutation
 31556 | Shoals:3 | Lost mutation: Your mind is acute. (Int +2) [Xom's
                  | mischief]
 31689 | Shoals:3 | XOM: give mutations
 31689 | Shoals:3 | Lost mutation: One of your tentacles bears a spike. [Xom's
                  | mischief]
 31689 | Shoals:3 | Lost mutation: You are partially covered in iridescent
                  | scales. (AC +2) [Xom's mischief]
 31689 | Shoals:3 | Gained mutation: You are dopey. (Int -2) [Xom's mischief]
 31689 | Shoals:3 | Gained mutation: Scrolls take you a little longer to read.
                  | [Xom's mischief]
 31940 | Shoals:4 | Entered Level 4 of the Shoals
 31969 | Shoals:3 | XOM: chaos cloud
 32515 | D:13     | XOM: butterfly on damage
 32531 | D:13     | Noticed Sonja
 32558 | D:13     | Lost mutation: Scrolls take you a little longer to read.
                  | [potion of mutation]
 32558 | D:13     | Lost mutation: You heal very quickly. [potion of mutation]
 32558 | D:13     | Gained mutation: One of your tentacles bears a spike.
                  | [potion of mutation]
 32558 | D:13     | XOM: divination: magic mapping
 32567 | D:13     | Killed Sonja
 32600 | D:13     | Reached skill level 10 in Evocations
 32886 | D:13     | XOM: noise
 32966 | D:13     | XOM: god gift: 2 scrolls of fog
 33254 | D:13     | XOM: god gift: 17 stones
 33549 | D:14     | XOM: destruction
 33554 | D:14     | XOM: noise
 33567 | D:14     | Noticed Rupert
 33751 | D:14     | Killed Rupert
 33759 | D:14     | XOM: polymorph yak -> komodo dragon
 33910 | D:14     | Identified the ring of Zakimnis {rC+ Dex+2}
 33995 | D:14     | XOM: scenery: create altars
 34002 | D:14     | XOM: swap monsters
 34019 | D:14     | XOM: silly message
 34118 | D:14     | XOM: enchant monster (bad)
 34353 | D:14     | XOM: torment (46/121 hp)
 34354 | D:14     | XOM: divine lightning
 34363 | D:14     | XOM: summons 1 hostile shadow creature
 34478 | D:14     | Found the +7 mace of Variability {chain chaos}
 34478 | D:14     | Found a shimmering altar of Xom.
 34482 | D:14     | XOM: 9-stop teleportation journey
 34976 | D:14     | XOM: god gift: wand of acid (11)
 35019 | D:14     | Found a gate to the Vaults.
 35045 | D:15     | XOM: polymorph orc knight -> elephant
 35064 | D:15     | Noticed Jorgrun
 35075 | D:15     | Slain by Jorgrun

Illustrated notes

Levels and vault maps discovered:
D:1:      psy_arrival_fountain, layout_basic, columned_hall_lemuel
D:2:      layout_loops_ring, okawaru_trees_2
D:3:      minmay_chambers_of_twos, layout_rooms
D:4:      layout_layer_cave
D:5:      layout_cave_pools, kennysheep_little_box, minmay_temple_entry_fiery,
          gammafunk_ghost_mausoleum
D:6:      layout_loops_ring, vehumet_crystals, serial_bayou_lake_a, uniq_maggie,
          uniq_blork_the_orc, uniq_pikel, uniq_eustachio, uniq_prince_ribbit1,
          uniq_menkaure
D:7:      layout_rooms, nicolae_zen_rock_garden
D:8:      layout_loops_ring, yredelemnul_forgotten_temple_becter,
          nicolae_overflow_hidden_temple, uniq_erica
D:9:      layout_irregular_city, nicolae_overflow_crystal_walls,
          kennysheep_mini_moat, trog_eyes_of_draining,
          lemuel_coloured_pillars_altar, lemuel_crystal_altar,
          chequers_serial_rivers_micro_e, grunt_ministairs_6, uniq_psyche
D:10:     layout_basic, basic_altar, serial_shops,
          nicolae_shop_temple_entry_statues_fountains, uniq_erolcha,
          uniq_harold, uniq_nergalle, uniq_urug
D:11:     minmay_bloctagon, layout_rooms, lair_entry_dummy, orc_0_dummy,
          ebering_ghost_disaster_area, uniq_josephine
D:12:     layout_gridville, minivault_26, uniq_azrael, uniq_kirke
D:13:     layout_basic, bh_circular_ruins, uniq_sonja
D:14:     minmay_stepped, layout_layer_cave, skrybe_vaults_entry_preservation,
          chequers_serial_rivers_micro_c, minmay_guarded_unrand_variability,
          uniq_rupert
D:15:     grunt_enter_depths_hoard, layout_stronghold, nicolae_ru_awakened_eye,
          minivault_25_ag, minmay_protected_statue, uniq_jorgrun
Temple:   minmay_temple_curvy_loop
Lair:1:   layout_roguey, portal_ice_cave_entry_pillars_2
Lair:2:   layout_chaotic_city, nicolae_volcano_entry_s_turn, basic_altar,
          beast_lair_carwin_7, grunt_megastairs_5, minmay_lair_oklob_chamber
Lair:3:   layout_cave_pods, dummy_spider_entry, gauntlet_entry_generic
Lair:4:   layout_hall_layers, elwin_shoals_entry_rocks, special_room
          [special_room_bee]
Lair:5:   layout_long_grid, slime_altar_1, lemuel_fruit_fields,
          grunt_megastairs_4, uniq_nessos
Lair:6:   minmay_lair_end_frog_pond, layout_cave_shapes,
          ebering_ghost_rock_garden
Shoals:1: layout_shoals, serial_shops, shop_statue, minmay_shop_mayhem,
          uniq_roxanne
Shoals:2: layout_shoals, nicolae_shoals_hunting_party, uniq_polyphemus
Shoals:3: cheibrodos_shoals_baths, layout_shoals, st_cyclops
Shoals:4: shoals_end_grunt_ice, layout_shoals, nicolae_shoals_seven_spires
Orc:1:    layout_caves, minmay_orc_temple_a
Orc:2:    grunt_orc_gardens, layout_caves, grunt_orc_garden, grunt_orc_garden,
          grunt_orc_garden, grunt_orc_garden, basic_altar,
          david_defended_altar_orc, uniq_donald

Skill      XL: |  1  2  3  4  5  6  7  8  9 10 11 12 13 14 15 16 17 |
---------------+----------------------------------------------------+-----
Dodging        | 3 4 5 6 7 8 9 10 11 12 | 12.6
Fighting       | 4 5 7 8 9 10 11 12 | 12.7
Long Blades    | 4 5 7 8 9 10 11 12 | 12.7
Spellcasting   | 3 4 5 6 7 8 |  8.7
Shields        | 3 5 6 7 8 9 10 11 | 11.0
Stealth        | 4 7 9 10 11 | 11.3
Evocations     | 3 5 6 8 9 10 | 10.3
Transmutations | 4 6 8 9 |  9.5
Earth Magic    | 4 6 8 9 |  9.6

Action                   |  1- 3 |  4- 6 |  7- 9 | 10-12 | 13-15 | 16-18 || total
-------------------------+-------+-------+-------+-------+-------+-------++-------
Melee: Falchion          |    58 |    89 |   269 |   883 |  1338 |   481 ||  3118
       Constrict         |    19 |    29 |    55 |    88 |   182 |    81 ||   454
       Tentacles         |    11 |    20 |    55 |   240 |   551 |   235 ||  1112
       Scimitar          |       |       |       |       |   346 |   179 ||   525
       Kick              |       |       |       |       |    86 |   309 ||   395
Throw: Dart              |       |       |       |    14 |     1 |       ||    15
       Javelin           |       |       |       |     7 |     8 |       ||    15
       Throwing net      |       |       |       |       |     2 |       ||     2
       Boomerang         |       |       |       |       |     1 |       ||     1
Evoke: Wand              |       |       |     8 |    39 |    28 |    35 ||   110
       Tin of tremorston |       |       |       |       |     1 |     2 ||     3
       Box of beasts     |       |       |       |       |       |     6 ||     6
       Lightning rod     |       |       |       |       |       |     1 ||     1
  Use: Potion            |       |       |     2 |     6 |     2 |     7 ||    17
       Scroll            |       |       |     1 |    11 |    15 |    13 ||    40
 Stab: Sleeping          |     4 |     6 |     3 |    18 |    10 |     2 ||    43
       Invisible         |       |     2 |       |       |       |       ||     2
       Petrified         |       |       |     7 |     9 |     4 |       ||    20
       Paralysed         |       |       |     4 |     2 |     3 |       ||     9
       Distracted        |       |       |     1 |     4 |     4 |     4 ||    13
       Petrifying        |       |       |     1 |       |       |       ||     1
       Confused          |       |       |       |     5 |     7 |     3 ||    15
       Fleeing           |       |       |       |       |       |     1 ||     1
Armor: Skin              |     2 |     5 |     6 |    56 |   185 |    52 ||   306
Dodge: Dodged            |    54 |    59 |   199 |   545 |   404 |   117 ||  1378
Block: Kite shield       |       |       |       |   267 |  2003 |   871 ||  3141
       Reflection        |       |       |       |       |    38 |   166 ||   204
       Rpst.: Falchion   |    20 |    19 |    54 |   153 |    69 |    12 ||   327
       Scimitar          |       |       |       |       |    18 |     7 ||    25

Table legend: (Time is in decaauts)
 A = Elapsed time spent in this place.
 B = Non-inter-level travel time spent in this place.
 C = Inter-level travel time spent in this place.
 D = Time resting spent in this place.
 E = Time spent auto-exploring this place.
 F = Levels seen in this place.
 G = Mean time per level.
                   A        B        C        D        E       F      G
               +--------+--------+--------+--------+--------+-----+--------+
         Total |  34525 |  32417 |   2108 |   7464 |  15486 |  30 | 1150.8 |
       Dungeon |  17515 |  16535 |    980 |   4076 |   8418 |  15 | 1167.7 |
        Temple |    312 |    288 |     24 |      0 |    288 |   1 |  312.0 |
          Lair |   8744 |   7929 |    815 |   1190 |   4046 |   6 | 1457.3 |
        Shoals |   3007 |   2826 |    181 |    332 |   1659 |   4 |  751.8 |
  Orcish Mines |   1550 |   1443 |    107 |     97 |    901 |   2 |  775.0 |
      Ice Cave |   2826 |   2826 |      0 |   1559 |     29 |   1 | 2826.0 |
      Gauntlet |    568 |    568 |      0 |    209 |    145 |   1 |  568.0 |
               +--------+--------+--------+--------+--------+-----+--------+

Top non-repeatable levels by time:
   IceCv: 2826 daAuts
     D:4: 1990 daAuts
     D:9: 1895 daAuts
  Lair:4: 1892 daAuts
  Lair:1: 1891 daAuts
    D:10: 1823 daAuts
    D:14: 1562 daAuts
     D:6: 1524 daAuts
    D:13: 1501 daAuts
     D:5: 1464 daAuts
  Lair:2: 1294 daAuts
  Lair:6: 1263 daAuts
  Lair:3: 1241 daAuts
    D:11: 1169 daAuts
  Lair:5: 1160 daAuts
